 Dungeon Crawl Stone Soup version 0.29-a0-670-g5ff2a30383 (webtiles) character file.

Game seed: 7937664218511243710

8145 PentaManta the Marksspriggan (level 11, -5/49 HPs)
             Began as a Spriggan Hunter on June 24, 2022.
             Was an Initiate of Gozag.
             Slain by a komodo dragon (25 damage)
             ... on level 11 of the Dungeon.
             The game lasted 00:15:53 (11646 turns).

PentaManta the Marksspriggan (Spriggan Hunter)     Turns: 11646, Time: 00:15:54

Health: -5/49      AC:  2    Str:  7    XL:     11   Next: 6%
Magic:  12/12      EV: 27    Int: 11    God:    Gozag
Gold:   451        SH:  5    Dex: 23    Spells: 10/10 levels left

rFire   + . .      SeeInvis +   a - +1 shortbow
rCold   . . .      Faith    .   (shield currently unavailable)
rNeg    . . .      Spirit   .   b - +0 robe
rPois   +          Reflect  +   (helmet restricted)
rElec   .          Harm     .   (no cloak)
rCorr   .          Rampage  .   (gloves unavailable)
Will    +....                   (boots unavailable)
Stlth   +++++.....              J - amulet of reflection
HPRegen 0.16/turn               x - ring of protection from fire
MPRegen 0.13/turn               k - ring of poison resistance

@: very quick
A: very small, no large weapons, unfitting armour, see invisible, speed 3
a: Renounce Religion, Potion Petition, Call Merchant, Bribe Branch


You were on level 11 of the Dungeon.
You worshipped Gozag.
Gozag was aware of your devotion.
You visited 2 branches of the dungeon, and saw 12 of its levels.

You collected 1341 gold pieces.
You spent 760 gold pieces at shops.
You paid 130 gold pieces to Gozag.

Inventory:

Hand Weapons
 a - a +1 shortbow (weapon)
Missiles
 p - 7 curare-tipped darts
Armour
 b - a +0 robe (worn)
Jewellery
 k - a ring of poison resistance (right hand)
 x - a ring of protection from fire (left hand)
 J - an amulet of reflection (around neck)
 L - an amulet of regeneration
 N - a ring of willpower
Wands
 v - a wand of iceblast (9)
 w - a wand of polymorph (9)
 A - a wand of light (13)
 G - a wand of flame (14)
 H - a wand of digging (7)
Scrolls
 c - 2 scrolls of immolation
 e - 3 scrolls of blinking
 f - 4 scrolls of teleportation
 g - 2 scrolls of vulnerability
 j - a scroll of fog
 l - 2 scrolls of enchant weapon
 m - 2 scrolls of poison
 o - a scroll of amnesia {unknown}
 q - 2 scrolls of enchant armour
 y - 2 scrolls of noise {unknown}
 C - 2 scrolls of brand weapon {unknown}
 F - a scroll of magic mapping {unknown}
Potions
 d - 3 potions of mutation
 h - 3 potions of flight
 i - 2 potions of haste {unknown}
 n - 3 potions of resistance {unknown}
 r - 2 potions of brilliance {unknown}
 s - 3 potions of might {unknown}
 t - a potion of invisibility {unknown}
 u - 4 potions of curing
 z - 2 potions of lignification {unknown}
 B - 2 potions of cancellation {unknown}
 D - 3 potions of heal wounds {unknown}
 E - 2 potions of attraction {unknown}
 I - a potion of magic {unknown}
 M - a potion of berserk rage {unknown}


   Skills:
 - Level 1.5 Fighting
 - Level 16.0 Bows
 * Level 10.6 Dodging
 + Level 8.8 Stealth
 + Level 7.1 Evocations


You had 10 spell levels left.
You didn't know any spells.
Your spell library contained the following spells:

 Spells                   Type           Power      Damage    Failure   Level
 Beastly Appendage        Tmut           0%         N/A       34%         1
 Foxfire                  Conj/Fire      0%         2x1d4     34%         1
 Shock                    Conj/Air       0%         1d3       34%         1
 Ensorcelled Hibernation  Hex/Ice        0%         N/A       47%         2
 Wereblood                Tmut           0%         N/A       47%         2
 Conjure Flame            Conj/Fire      0%         6-21      71%         3
 Inner Flame              Hex/Fire       0%         N/A       71%         3
 Spider Form              Tmut/Pois      0%         N/A       71%         3
 Swiftness                Air            0%         N/A       71%         3
 Tukima's Dance           Hex            0%         N/A       71%         3
 Airstrike                Air            0%         N/A       98%         4
 Anguish                  Hex/Necr       0%         N/A       98%         4
 Flame Wave               Conj/Fire      0%         2d4       98%         4
 Passage of Golubria      Tloc           0%         N/A       98%         4
 Freezing Cloud           Conj/Ice/Air   0%         6-21      100%        5
 Yara's Violent Unravell  Hex/Tmut       0%         3d3       100%        5
 Polar Vortex             Ice            0%         N/A       100%        9
 Simulacrum               Ice/Necr       Unusable   N/A       N/A         6

Dungeon Overview and Level Annotations

Branches:
Dungeon (11/15)            Temple (1/1) D:6             Orc (0/2) D:10
   Lair: D:8-11

Altars:
Ashenzari
Cheibriados
Dithmenos
Elyvilon
Fedhas
Gozag
Hepliaklqana
Kikubaaqudgha
Makhleb
Nemelex Xobeh
Okawaru
Qazlal
Ru
Sif Muna
Trog
Uskayaw
Vehumet
Wu Jian
Xom
Yredelemnul
Zin
The Shining One

Shops:
D:2 (   D:6 *   D:9 *   D:10 =


Innate Abilities, Weirdness & Mutations

You are very small and have problems with some larger weapons.
You are too small for most types of armour.
You have supernaturally acute eyesight. (SInv)
You cover ground extremely quickly. (Speed+++)


Message History

m - 2 scrolls of poison
As you read the scroll of identify, it crumbles to dust.
q - 2 scrolls of enchant armour A komodo dragon comes into view.
You shoot an arrow. The arrow hits the komodo dragon.
The komodo dragon is lightly wounded.
You shoot an arrow. The arrow hits the komodo dragon!
The komodo dragon is moderately wounded.
You shoot an arrow. The arrow hits the komodo dragon.
The komodo dragon is moderately wounded.
You shoot an arrow.
The arrow barely misses the komodo dragon.
You shoot an arrow. The arrow hits the komodo dragon!
The komodo dragon is heavily wounded.
You shoot an arrow.
The arrow hits the komodo dragon but does no damage.
The komodo dragon is heavily wounded.
The komodo dragon completely misses you.
You shoot an arrow.
The arrow closely misses the komodo dragon.
You shoot an arrow.
The arrow barely misses the komodo dragon.
The komodo dragon bites you!!
Ouch! That really hurt!
You are too injured to fight recklessly!
You are too injured to fight recklessly!
You are too injured to fight recklessly!
You are too injured to fight recklessly!
You are too injured to fight recklessly!
You are too injured to fight recklessly!
Shoot: a) +1 shortbow
Press: ? - help, Q - select action, (/) - cycle Shift-Dir - straight line, f/p - komodo dragon
Aim: a komodo dragon (heavily wounded, 76% to hit)
You shoot an arrow.
The arrow hits the komodo dragon but does no damage.
The komodo dragon is heavily wounded.
The komodo dragon bites you!!
Ouch! That really hurt!
You die...
Your body crumbles into a pile of gold.

#..###+####..........#.#
#.................#.#
#.................# ###
#..........>......# ....
#.................# ....
#.................#
.....#.................#
.....##########'#......#
.........@......#.######
........l.......#.#
...........<....#+#.
....................
....###'###########.#
.... .... ... #..... $
.. #...[... #........


You could see a komodo dragon.

Vanquished Creatures
  Erica (D:8)
  A deep elf pyromancer (D:7)
  A rime drake (D:7)
  A komodo dragon (D:9)
  The ghost of mn3067 the Thaumaturge, a novice DECj of Vehumet (D:6)
  4 trolls
  2 hornets
  A wraith (D:10)
  9 yaks
  A steam dragon (D:9)
  2 water moccasins (D:6)
  An acid dragon (D:9)
  Duvessa (D:5)
  2 orc warriors
  2 ice beasts
  2 ogres (D:6)
  2 centaurs (D:8)
  3 phantoms
  2 bullfrogs
  A kobold brigand (D:4)
  2 necrophages (D:7)
  3 scorpions
  5 wights (D:8)
  Dowan (D:5)
  7 killer bees (D:9)
  4 howler monkeys
  2 hounds
  5 jellies
  5 orc priests
  2 gnoll shamans (D:6)
  5 iguanas
  8 orc wizards
  3 gnolls (D:6)
  8 adders
  A shadow imp (D:6)
  2 dart slugs
  37 orcs
  5 bats
  7 endoplasms
  4 giant cockroaches
  8 goblins
  6 hobgoblins
  7 jackals
  4 kobolds
  4 quokkas
  8 ball pythons
  6 frilled lizards
  10 rats
209 creatures vanquished.

Notes
Turn   | Place    | Note
-------+----------+-------------------------------------------
     0 | D:1      | PentaManta the Spriggan Hunter began the quest for the Orb.
     0 | D:1      | Reached XP level 1. HP: 10/10 MP: 2/2
    37 | D:1      | Reached skill level 5 in Bows
   126 | D:1      | Reached XP level 2. HP: 14/14 MP: 3/3
   131 | D:1      | Found a faded altar of an unknown god.
   315 | D:1      | Reached skill level 6 in Bows
   466 | D:1      | Reached XP level 3. HP: 18/18 MP: 4/4
   929 | D:2      | Found Orphuony's Weapon Emporium.
  1592 | D:3      | Found a hide-covered altar of Uskayaw.
  1596 | D:3      | Noticed a scorpion
  1628 | D:3      | Killed a scorpion
  1629 | D:3      | Reached skill level 7 in Bows
  1629 | D:3      | Reached XP level 4. HP: 11/22 MP: 5/5
  2012 | D:3      | Reached XP level 5. HP: 11/25 MP: 6/6
  2361 | D:3      | Found an ornate altar of the Wu Jian Council.
  2489 | D:3      | Reached skill level 8 in Bows
  2566 | D:4      | Noticed a phantom
  2629 | D:4      | Killed a phantom
  2630 | D:4      | Reached XP level 6. HP: 23/30 MP: 7/7
  2647 | D:4      | Reached skill level 9 in Bows
  2930 | D:4      | Reached skill level 10 in Bows
  3152 | D:4      | Reached XP level 7. HP: 33/33 MP: 8/8
  3334 | D:5      | Entered Level 5 of the Dungeon
  3371 | D:5      | Noticed Duvessa
  3373 | D:5      | Noticed Dowan
  3396 | D:5      | Killed Duvessa
  3399 | D:5      | Killed Dowan
  3400 | D:5      | Reached skill level 11 in Bows
  3692 | D:5      | Found a shimmering altar of Xom.
  4065 | D:5      | Reached skill level 12 in Bows
  4065 | D:5      | Reached XP level 8. HP: 37/37 MP: 9/9
  4474 | D:6      | Reached skill level 13 in Bows
  4693 | D:6      | Found Cutwaco's Serpentskin Sales.
  4961 | D:6      | HP: 1/37 [water moccasin (2)]
  4977 | D:6      | Reached skill level 14 in Bows
  5377 | D:6      | Found a staircase to the Ecumenical Temple.
  5553 | D:6      | Found a runed translucent gate.
  5553 | D:6      | Found a runed translucent gate.
  5554 | D:6      | Found a runed translucent gate.
  5620 | D:6      | Noticed mn3067's ghost (novice DECj)
  5632 | D:6      | Reached XP level 9. HP: 41/41 MP: 10/10
  5665 | Temple   | Entered the Ecumenical Temple
  5899 | Temple   | Became a worshipper of Gozag Ym Sagoz the Greedy
  6001 | D:6      | Killed mn3067's ghost
  6087 | D:7      | Noticed a troll
  6098 | D:7      | Killed a troll
  6099 | D:7      | Reached skill level 15 in Bows
  6134 | D:7      | Noticed Joseph
  6142 | D:7      | Noticed Joseph
  6142 | D:7      | Joseph changed into Joseph the rime drake
  6145 | D:7      | Killed Joseph the rime drake
  6823 | D:7      | Noticed a deep elf pyromancer
  6850 | D:7      | Killed a deep elf pyromancer
  6851 | D:7      | Reached skill level 16 in Bows
  7271 | D:8      | Noticed Erica
  7302 | D:8      | Killed Erica
  7303 | D:8      | Reached XP level 10. HP: 32/46 MP: 11/11
  7431 | D:8      | Reached skill level 5 in Stealth
  7991 | D:8      | Paralysed by a hornet for 1 turns
  8219 | D:8      | Reached skill level 5 in Evocations
  8433 | D:8      | Found a shadowy altar of Dithmenos.
  8873 | D:6      | Bought a ring of poison resistance for 280 gold pieces
  9627 | D:9      | Found a radiant altar of Vehumet.
  9670 | D:9      | Found a hazy altar of Hepliaklqana.
  9847 | D:9      | Found Jokis's Changing Room.
 10275 | D:10     | Entered Level 10 of the Dungeon
 10275 | D:10     | Found Owiew's Jewellery Boutique.
 10278 | D:10     | Bought an amulet of reflection for 480 gold pieces
 10525 | D:9      | Reached skill level 10 in Dodging
 11028 | D:10     | Found a staircase to the Orcish Mines.
 11286 | D:10     | Reached XP level 11. HP: 49/49 MP: 12/12
 11646 | D:11     | Slain by a komodo dragon

Illustrated notes

Levels and vault maps discovered:
D:1:      dpeg_arrival_prison, layout_loops_ring,
          shapermc_ecumenical_altar_venn, minmay_pentomino_z2
D:2:      layout_basic, serial_shops, shop
D:3:      layout_basic, minitemple
D:4:      layout_rooms
D:5:      layout_loops_ring, xom_teletrap_fun, hangedman_decor_growths,
          uniq_duvessa
D:6:      minmay_skewed_foursquare, layout_rooms,
          minmay_temple_entry_sparse_star, ebering_ghost_rock_garden,
          minmay_misc_feat_tiny, chequers_arboretum, guppyfry_shop_venom
D:7:      layout_basic, guppyfry_early_elven_hall, uniq_joseph
D:8:      layout_loops_ring, lemuel_crystal_altar, uniq_erica
D:9:      layout_basic, mainiacjoe_overflow_alcove_4,
          nicolae_hepliaklqana_hippocampus, nicolae_transmutations_shop,
          dreamdust_princess_bridge, hangedman_glass_teeth, minmay_liquid_box,
          minivault_5, minivault_5, chequers_serial_rivers_micro_b,
          minmay_misc_feat_more_columns
D:10:     layout_loops_ring, david_orc_2, serial_shops, nicolae_stop_n_shop_2,
          kennysheep_potato
D:11:     layout_irregular_city, dpeg_oklobed_lair
Temple:   compressed_dpeg_triangle_lava_temple

Skill      XL: |  1  2  3  4  5  6  7  8  9 10 11 |
---------------+----------------------------------+-----
Bows           | 5 6 7 8 10 12 14 16 | 16.0
Dodging        | 6 10 | 10.6
Stealth        | 4 8 |  8.8
Evocations     | 3 6 7 |  7.1
Fighting       | |  1.5

Action                   |  1- 3 |  4- 6 |  7- 9 | 10-12 || total
-------------------------+-------+-------+-------+-------++-------
 Fire: Shortbow          |    91 |   121 |   297 |   398 ||   907
Evoke: Wand              |       |       |     1 |       ||     1
  Use: Potion            |     2 |     1 |     5 |       ||     8
       Scroll            |       |       |       |     8 ||     8
Armor: Robe              |     2 |     3 |    11 |     3 ||    19
Dodge: Dodged            |    21 |    41 |    67 |   106 ||   235
Block: Other             |       |       |       |     6 ||     6

Table legend: (Time is in decaauts)
 A = Elapsed time spent in this place.
 B = Non-inter-level travel time spent in this place.
 C = Inter-level travel time spent in this place.
 D = Time resting spent in this place.
 E = Time spent auto-exploring this place.
 F = Levels seen in this place.
 G = Mean time per level.
                   A        B        C        D        E       F      G
               +--------+--------+--------+--------+--------+-----+--------+
         Total |   8795 |   8395 |    400 |    610 |   6443 |  12 |  732.9 |
       Dungeon |   8642 |   8260 |    382 |    610 |   6315 |  11 |  785.6 |
        Temple |    152 |    134 |     18 |      0 |    127 |   1 |  152.0 |
               +--------+--------+--------+--------+--------+-----+--------+

Top non-repeatable levels by time:
     D:8: 1266 daAuts
     D:9: 1129 daAuts
     D:6: 1084 daAuts
     D:5: 964 daAuts
     D:3: 852 daAuts
     D:7: 837 daAuts
    D:10: 802 daAuts
     D:4: 615 daAuts
     D:1: 581 daAuts
     D:2: 455 daAuts
  Temple: 152 daAuts
    D:11: 52 daAuts
